[Event "Titled Tuesday Blitz June 27 Early 2023"]
[White "Cherniaiev, Tykhon"]
[Black "Nozdrachev, Leonid"]
[WhiteFideId "14182360"]
[BlackFideId "24113433"]
[WhiteElo "2706"]
[BlackElo "2575"]
[Result "1/2-1/2"]
[Round "7"]
[TimeControl "180+2"]
[Date "2023.06.27"]
[WhiteClock "0:02:22"]
[BlackClock "0:00:45"]
[Board "69"]

1. Nf3 d5 2. d4 c6 3. c4 Bg4 4. e3 Nf6 5. Nbd2 e6 6. h3 Bxf3 7. Nxf3 Nbd7 8. Bd3 Bb4+ 9. Bd2 Bxd2+ 10. Qxd2 Qe7 11. O-O 1/2-1/2


[Site "https://www.chess.com"]

[Event "Titled Tuesday Blitz June 27 Early 2023"]
[White "Alinasab, Mobina"]
[Black "Lavrik, Dmitry"]
[WhiteFideId "12528897"]
[BlackFideId "24113190"]
[WhiteElo "2564"]
[BlackElo "2702"]
[Result "0-1"]
[Round "7"]
[TimeControl "180+2"]
[Date "2023.06.27"]
[WhiteClock "0:00:00"]
[BlackClock "0:02:47"]
[Board "70"]

1. e4 c5 2. Nf3 e6 3. d4 cxd4 4. Nxd4 Nf6 5. Nc3 Nc6 6. Ndb5 Bb4 7. a3 Bxc3+ 8. Nxc3 O-O 9. Bd3 d5 10. exd5 exd5 11. O-O Bg4 12. f3 Bh5 13. Bg5 Qb6+ 14. Kh1 Ne4 15. Nxd5 Nf2+ 0-1


[Site "https://www.chess.com"]

[Event "Titled Tuesday Blitz June 27 Early 2023"]
[White "Gedajlovic, Max"]
[Black "Perez, Maximiliano"]
[WhiteFideId "2616840"]
[BlackFideId "117234"]
[WhiteElo "2700"]
[BlackElo "2560"]
[Result "1-0"]
[Round "7"]
[TimeControl "180+2"]
[Date "2023.06.27"]
[WhiteClock "0:02:10"]
[BlackClock "0:00:00"]
[Board "71"]

1. d4 d5 2. c4 e6 3. Nc3 a6 4. cxd5 exd5 5. Bf4 Nf6 6. e3 c5 7. dxc5 Bxc5 8. Nf3 Nc6 9. Bd3 O-O 10. O-O Bg4 11. h3 Bh5 12. Rc1 Ba7 13. Na4 d4 14. e4 1-0


[Site "https://www.chess.com"]

[Event "Titled Tuesday Blitz June 27 Early 2023"]
[White "Krutko, Anatoly"]
[Black "Nouri, Alekhine"]
[WhiteFideId "4185862"]
[BlackFideId "5216184"]
[WhiteElo "2557"]
[BlackElo "2692"]
[Result "1/2-1/2"]
[Round "7"]
[TimeControl "180+2"]
[Date "2023.06.27"]
[WhiteClock "0:02:03"]
[BlackClock "0:01:41"]
[Board "72"]

1. Nf3 c5 2. g3 g6 3. Bg2 Bg7 4. O-O Nf6 5. c3 O-O 6. d4 d5 7. dxc5 Ne4 8. Nbd2 Nxc5 9. Nb3 Ne4 10. Be3 Nc6 11. Nbd4 e5 12. Nxc6 bxc6 13. h4 Be6 14. Ng5 Nxg5 15. Bxg5 Qb6 16. b3 1/2-1/2


[Site "https://www.chess.com"]

[Event "Titled Tuesday Blitz June 27 Early 2023"]
[White "Jaracz, Pawel"]
[Black "Delorme, Axel"]
[WhiteFideId "1102222"]
[BlackFideId "632023"]
[WhiteElo "2691"]
[BlackElo "2541"]
[Result "1/2-1/2"]
[Round "7"]
[TimeControl "180+2"]
[Date "2023.06.27"]
[WhiteClock "0:01:49"]
[BlackClock "0:01:21"]
[Board "73"]

1. e4 c5 2. Nf3 d6 3. d4 cxd4 4. Nxd4 Nf6 5. Nc3 Bd7 6. Bc4 Nc6 7. O-O e6 8. Bg5 Be7 9. Ndb5 Qb8 10. Qd2 a6 11. Bxf6 gxf6 12. Nd4 1/2-1/2


[Site "https://www.chess.com"]

[Event "Titled Tuesday Blitz June 27 Early 2023"]
[White "Shuvalov, Evgenij"]
[Black "Goryachkina, Aleksandra"]
[WhiteFideId "4187237"]
[BlackFideId "4147103"]
[WhiteElo "2507"]
[BlackElo "2683"]
[Result "0-1"]
[Round "7"]
[TimeControl "180+2"]
[Date "2023.06.27"]
[WhiteClock "0:00:00"]
[BlackClock "0:02:11"]
[Board "74"]

1. d4 Nf6 2. c4 e6 3. Nc3 d5 4. cxd5 exd5 5. Bg5 c6 6. e3 h6 7. Bh4 Be7 8. Bd3 Ne4 9. Bxe7 Qxe7 10. Bxe4 dxe4 11. Nge2 O-O 12. O-O Nd7 13. d5 Nf6 0-1


[Site "https://www.chess.com"]

[Event "Titled Tuesday Blitz June 27 Early 2023"]
[White "djokovic74"]
[Black "Berezin, Viktor"]
[BlackFideId "14107872"]
[WhiteElo "2679"]
[BlackElo "2534"]
[Result "1/2-1/2"]
[Round "7"]
[TimeControl "180+2"]
[Date "2023.06.27"]
[WhiteClock "0:02:03"]
[BlackClock "0:01:12"]
[Board "75"]

1. e4 g6 2. d4 Bg7 3. Nf3 d6 4. Nc3 Nf6 5. Be2 O-O 6. O-O c6 7. h3 Nbd7 8. Re1 e5 9. Be3 Qc7 10. a4 Re8 11. dxe5 Nxe5 12. Nd4 d5 13. exd5 Nxd5 14. Nxd5 cxd5 15. Bf4 1/2-1/2


[Site "https://www.chess.com"]

[Event "Titled Tuesday Blitz June 27 Early 2023"]
[White "Jovic, Stanoje"]
[Black "Khoroshev, Nikita"]
[WhiteFideId "905020"]
[BlackFideId "14200287"]
[WhiteElo "2490"]
[BlackElo "2672"]
[Result "1/2-1/2"]
[Round "7"]
[TimeControl "180+2"]
[Date "2023.06.27"]
[WhiteClock "0:02:15"]
[BlackClock "0:00:55"]
[Board "76"]

1. c4 Nf6 2. g3 g6 3. Bg2 Bg7 4. Nc3 c6 5. Nf3 d6 6. O-O O-O 7. d3 e5 8. e4 a5 9. h3 Na6 10. Be3 h6 11. Qd2 Kh7 12. a3 Be6 13. Rfb1 1/2-1/2


[Site "https://www.chess.com"]

[Event "Titled Tuesday Blitz June 27 Early 2023"]
[White "Weishaeutel, Moritz"]
[Black "Morgunov, Anatoly"]
[WhiteFideId "12967300"]
[BlackFideId "4145909"]
[WhiteElo "2650"]
[BlackElo "2469"]
[Result "0-1"]
[Round "7"]
[TimeControl "180+2"]
[Date "2023.06.27"]
[WhiteClock "0:00:00"]
[BlackClock "0:02:22"]
[Board "78"]

1. e4 e6 2. d4 d5 3. exd5 exd5 4. Nf3 Nc6 5. Nc3 Bb4 6. Bd3 Nge7 7. O-O O-O 8. Ne2 Bf5 9. c3 Bd6 10. Bf4 Bxf4 11. Nxf4 Qd6 12. g3 Bxd3 0-1


[Site "https://www.chess.com"]

[Event "Titled Tuesday Blitz June 27 Early 2023"]
[White "Zheenbekov, Nurgazy"]
[Black "Zochowski, Kacper"]
[WhiteFideId "13800485"]
[BlackFideId "1125494"]
[WhiteElo "2455"]
[BlackElo "2650"]
[Result "1/2-1/2"]
[Round "7"]
[TimeControl "180+2"]
[Date "2023.06.27"]
[WhiteClock "0:01:00"]
[BlackClock "0:02:15"]
[Board "79"]

1. e4 d6 2. d4 Nf6 3. Bd3 e5 4. c3 d5 5. dxe5 Nxe4 6. Nd2 Nc5 7. Bc2 Nc6 8. Ngf3 Bg4 9. h3 Bh5 10. Qe2 d4 11. Qb5 a6 1/2-1/2


[Site "https://www.chess.com"]

[Event "Titled Tuesday Blitz June 27 Early 2023"]
[White "Acikel, Mert"]
[Black "Florescu, Codrut-Constantin"]
[WhiteFideId "12956465"]
[BlackFideId "1202200"]
[WhiteElo "2309"]
[BlackElo "2643"]
[Result "0-1"]
[Round "7"]
[TimeControl "180+2"]
[Date "2023.06.27"]
[WhiteClock "0:00:00"]
[BlackClock "0:02:29"]
[Board "80"]

1. e4 b6 2. d4 Bb7 3. Bd3 e6 4. Nf3 c5 5. c3 cxd4 6. cxd4 Nf6 7. Qe2 Qc8 8. Bd2 Ba6 9. Nc3 Bxd3 10. Qxd3 Qa6 11. Qxa6 Nxa6 12. a3 Be7 13. O-O O-O 14. Rac1 Rfc8 15. e5 Nd5 0-1


[Site "https://www.chess.com"]

[Event "Titled Tuesday Blitz June 27 Early 2023"]
[White "Koepke, Christian"]
[Black "Gunina, Valentina"]
[WhiteFideId "4655737"]
[BlackFideId "4167570"]
[WhiteElo "2429"]
[BlackElo "2758"]
[Result "1-0"]
[Round "7"]
[TimeControl "180+2"]
[Date "2023.06.27"]
[WhiteClock "0:01:48"]
[BlackClock "0:00:00"]
[Board "81"]

1. d4 d5 2. Nf3 Nf6 3. c3 c6 4. Qc2 g6 5. h3 Bf5 6. Qb3 Qb6 7. Bf4 Bg7 8. Nbd2 O-O 9. e3 Ne4 10. Be2 Nd7 11. Nxe4 1-0


[Site "https://www.chess.com"]

[Event "Titled Tuesday Blitz June 27 Early 2023"]
[White "Belov, Alexei"]
[Black "Liu, Xiangyi"]
[WhiteFideId "4128206"]
[BlackFideId "8605718"]
[WhiteElo "2539"]
[BlackElo "2733"]
[Result "1/2-1/2"]
[Round "7"]
[TimeControl "180+2"]
[Date "2023.06.27"]
[WhiteClock "0:00:39"]
[BlackClock "0:02:40"]
[Board "82"]

1. e4 b6 2. d4 Bb7 3. Bd3 e6 4. Nf3 c5 5. c3 Nf6 6. Nbd2 d6 7. O-O Be7 8. Re1 Nbd7 9. Nf1 e5 10. Ng3 O-O 1/2-1/2


[Site "https://www.chess.com"]

[Event "Titled Tuesday Blitz June 27 Early 2023"]
[White "Panesar Vedant"]
[Black "Ljukin, Sergei"]
[WhiteFideId "35033018"]
[BlackFideId "14102200"]
[WhiteElo "2731"]
[BlackElo "2539"]
[Result "0-1"]
[Round "7"]
[TimeControl "180+2"]
[Date "2023.06.27"]
[WhiteClock "0:00:00"]
[BlackClock "0:01:56"]
[Board "83"]

1. e4 e6 2. d4 d5 3. Nc3 Bb4 4. e5 Ne7 5. a3 Bxc3+ 6. bxc3 c5 7. Qg4 Qc7 8. Bd3 Qa5 9. Bd2 c4 10. Be2 Rg8 11. Bd1 Nbc6 12. Ne2 Bd7 13. O-O Nf5 14. a4 O-O-O 0-1


[Site "https://www.chess.com"]

[Event "Titled Tuesday Blitz June 27 Early 2023"]
[White "Mamedov, Edgar"]
[Black "Zhu, Jiner"]
[WhiteFideId "13739980"]
[BlackFideId "8608059"]
[WhiteElo "2538"]
[BlackElo "2705"]
[Result "1-0"]
[Round "7"]
[TimeControl "180+2"]
[Date "2023.06.27"]
[WhiteClock "0:01:45"]
[BlackClock "0:00:00"]
[Board "84"]

1. d4 Nf6 2. Nf3 g6 3. Nbd2 d5 4. e3 Bg7 5. b4 O-O 6. c4 c6 7. a4 Bf5 8. Be2 Nbd7 9. O-O a5 10. b5 cxb5 11. cxb5 Rc8 12. Ba3 Bc2 13. Qe1 Nb6 14. Ne5 1-0


[Site "https://www.chess.com"]

[Event "Titled Tuesday Blitz June 27 Early 2023"]
[White "Fromm, Marius"]
[Black "Golubev, Mikhail"]
[WhiteFideId "12993190"]
[BlackFideId "14100983"]
[WhiteElo "2692"]
[BlackElo "2536"]
[Result "1/2-1/2"]
[Round "7"]
[TimeControl "180+2"]
[Date "2023.06.27"]
[WhiteClock "0:01:22"]
[BlackClock "0:02:12"]
[Board "85"]

1. e4 c5 2. Nf3 d6 3. d4 cxd4 4. Nxd4 Nf6 5. Nc3 g6 6. f3 Bg7 7. Be3 Nc6 8. Qd2 O-O 9. O-O-O d5 10. exd5 Nxd5 11. Nxc6 bxc6 12. Bd4 e5 13. Bc5 Re8 14. Ne4 Qc7 15. h4 f5 16. Nd6 Rd8 17. Nxc8 Raxc8 18. Bc4 h5 1/2-1/2


[Site "https://www.chess.com"]

[Event "Titled Tuesday Blitz June 27 Early 2023"]
[White "Turzo, Attila"]
[Black "Petrosian, Karlen"]
[WhiteFideId "704954"]
[BlackFideId "4176146"]
[WhiteElo "2531"]
[BlackElo "2690"]
[Result "1-0"]
[Round "7"]
[TimeControl "180+2"]
[Date "2023.06.27"]
[WhiteClock "0:01:49"]
[BlackClock "0:00:00"]
[Board "86"]

1. d4 Nf6 2. c4 d6 3. Nf3 g6 4. g3 Bg7 5. Bg2 Bf5 6. O-O O-O 7. Nc3 Ne4 8. Nxe4 Bxe4 9. Ne1 Bxg2 10. Nxg2 c5 11. dxc5 dxc5 12. Qc2 Nc6 13. Be3 Qb6 14. Rab1 Rfd8 15. a3 a5 16. Nf4 1-0


[Site "https://www.chess.com"]

[Event "Titled Tuesday Blitz June 27 Early 2023"]
[White "Mirzoev, Azer"]
[Black "Roberson, Peter T"]
[WhiteFideId "13400304"]
[BlackFideId "412384"]
[WhiteElo "2682"]
[BlackElo "2531"]
[Result "1/2-1/2"]
[Round "7"]
[TimeControl "180+2"]
[Date "2023.06.27"]
[WhiteClock "0:01:05"]
[BlackClock "0:02:05"]
[Board "87"]

1. Nf3 d5 2. c4 e6 3. e3 Nf6 4. d4 a6 5. b3 c5 6. Bb2 Nc6 7. Nbd2 cxd4 8. exd4 Bd6 9. Bd3 O-O 10. O-O b6 11. Qe2 Bb7 1/2-1/2


[Site "https://www.chess.com"]

[Event "Titled Tuesday Blitz June 27 Early 2023"]
[White "Veiga, Jose Francisco R P Neves"]
[Black "Bruedigam, Martin"]
[WhiteFideId "1930087"]
[BlackFideId "24608033"]
[WhiteElo "2673"]
[BlackElo "2528"]
[Result "1/2-1/2"]
[Round "7"]
[TimeControl "180+2"]
[Date "2023.06.27"]
[WhiteClock "0:02:07"]
[BlackClock "0:01:08"]
[Board "88"]

1. c4 Nf6 2. Nc3 c5 3. g3 Nc6 4. Bg2 g6 5. e4 Bg7 6. Nge2 O-O 7. O-O Ne8 8. a3 Nc7 9. Rb1 a5 10. d3 Ne6 11. Be3 b6 12. b4 axb4 13. axb4 Nxb4 14. Nd5 Nxd5 15. exd5 1/2-1/2


[Site "https://www.chess.com"]

[Event "Titled Tuesday Blitz June 27 Early 2023"]
[White "Czerw, Dawid"]
[Black "Taspinar, Yanki"]
[WhiteFideId "1145746"]
[BlackFideId "34561188"]
[WhiteElo "2494"]
[BlackElo "2651"]
[Result "1/2-1/2"]
[Round "7"]
[TimeControl "180+2"]
[Date "2023.06.27"]
[WhiteClock "0:00:38"]
[BlackClock "0:02:30"]
[Board "90"]

1. e4 c5 2. Nf3 d6 3. d4 cxd4 4. Nxd4 Nf6 5. Nc3 a6 6. h4 e5 7. Nb3 Be7 8. Be2 Be6 9. f4 exf4 10. Bxf4 Nc6 11. Qd2 O-O 12. O-O-O b5 13. Bxd6 b4 14. Bxe7 Nxe7 1/2-1/2


[Site "https://www.chess.com"]

[Event "Titled Tuesday Blitz June 27 Early 2023"]
[White "Womacka, Mathias"]
[Black "Papasimakopoulos, Alexandros"]
[WhiteFideId "4611390"]
[BlackFideId "4244125"]
[WhiteElo "2491"]
[BlackElo "2646"]
[Result "1/2-1/2"]
[Round "7"]
[TimeControl "180+2"]
[Date "2023.06.27"]
[WhiteClock "0:00:38"]
[BlackClock "0:02:35"]
[Board "91"]

1. e4 e6 2. d4 d5 3. Nd2 Nf6 4. e5 Nfd7 5. Bd3 c5 6. c3 b5 7. Bxb5 Qb6 8. Bxd7+ Bxd7 9. Ndf3 cxd4 10. cxd4 Bb5 11. Ne2 Be7 12. O-O Nc6 13. Be3 O-O 14. Re1 Bxe2 15. Qxe2 a5 16. Rec1 a4 1/2-1/2


[Site "https://www.chess.com"]

[Event "Titled Tuesday Blitz June 27 Early 2023"]
[White "Megalios, Konstantinos"]
[Black "Garrido Outon, Alex"]
[WhiteFideId "4238044"]
[BlackFideId "24516279"]
[WhiteElo "2612"]
[BlackElo "2479"]
[Result "1/2-1/2"]
[Round "7"]
[TimeControl "180+2"]
[Date "2023.06.27"]
[WhiteClock "0:01:06"]
[BlackClock "0:01:54"]
[Board "95"]

1. Nf3 d6 2. d4 Nf6 3. Nc3 Nbd7 4. e4 e5 5. Bc4 Be7 6. O-O O-O 7. Re1 c6 8. a4 a5 9. h3 exd4 10. Nxd4 Nc5 11. Qf3 Qb6 1/2-1/2


[Site "https://www.chess.com"]

[Event "Titled Tuesday Blitz June 27 Early 2023"]
[White "Girya, Olga"]
[Black "NLLO777"]
[WhiteFideId "4195752"]
[WhiteElo "2610"]
[BlackElo "2478"]
[Result "1/2-1/2"]
[Round "7"]
[TimeControl "180+2"]
[Date "2023.06.27"]
[WhiteClock "0:02:12"]
[BlackClock "0:01:14"]
[Board "96"]

1. d4 Nf6 2. Nf3 g6 3. Bg5 Bg7 4. Nbd2 c5 5. Bxf6 exf6 6. dxc5 Na6 7. Ne4 O-O 8. c3 f5 9. Nd6 Nxc5 10. e3 b6 11. Qd5 1/2-1/2


[Site "https://www.chess.com"]

[Event "Titled Tuesday Blitz June 27 Early 2023"]
[White "Boraso, Alessio"]
[Black "infinitypoint"]
[WhiteFideId "848077"]
[WhiteElo "2476"]
[BlackElo "2608"]
[Result "1/2-1/2"]
[Round "7"]
[TimeControl "180+2"]
[Date "2023.06.27"]
[WhiteClock "0:00:45"]
[BlackClock "0:02:22"]
[Board "97"]

1. e4 e5 2. Nf3 Nf6 3. Nxe5 Nxe4 4. Qe2 Qe7 5. Qxe4 d6 6. d4 dxe5 7. dxe5 Nc6 8. Bb5 Bd7 9. O-O O-O-O 10. Re1 Nxe5 11. Bxd7+ Rxd7 1/2-1/2


[Site "https://www.chess.com"]

[Event "Titled Tuesday Blitz June 27 Early 2023"]
[White "Kovalevsky, Stanislav"]
[Black "Ganiev, Roman"]
[WhiteFideId "13508598"]
[BlackFideId "4131452"]
[WhiteElo "2475"]
[BlackElo "2604"]
[Result "1-0"]
[Round "7"]
[TimeControl "180+2"]
[Date "2023.06.27"]
[WhiteClock "0:02:26"]
[BlackClock "0:00:00"]
[Board "98"]

1. c4 e5 2. Nc3 Nc6 3. g3 g6 4. h4 h5 5. d3 Bg7 6. Bg2 Nge7 7. Nf3 d6 8. O-O O-O 9. a3 a5 10. Rb1 Be6 11. Ng5 Bg4 12. b4 axb4 13. axb4 f6 14. Nh3 Qc8 15. Kh2 1-0


[Site "https://www.chess.com"]

[Event "Titled Tuesday Blitz June 27 Early 2023"]
[White "ATM622"]
[Black "Sanhueza, Cristian"]
[BlackFideId "116815"]
[WhiteElo "2602"]
[BlackElo "2475"]
[Result "0-1"]
[Round "7"]
[TimeControl "180+2"]
[Date "2023.06.27"]
[WhiteClock "0:00:00"]
[BlackClock "0:02:27"]
[Board "99"]

1. d4 Nf6 2. c4 g6 3. g3 Bg7 4. Bg2 O-O 5. Nf3 d6 6. O-O Nc6 7. Nc3 a6 8. d5 Na5 9. Qd3 c5 10. e4 e6 11. Bg5 exd5 12. exd5 Bf5 13. Qe2 Re8 14. Be3 Ng4 15. Nd2 Bd4 16. Nd1 b5 0-1


[Site "https://www.chess.com"]

[Event "Titled Tuesday Blitz June 27 Early 2023"]
[White "MKlose11"]
[Black "Kielinkei"]
[WhiteElo "2601"]
[BlackElo "2472"]
[Result "1/2-1/2"]
[Round "7"]
[TimeControl "180+2"]
[Date "2023.06.27"]
[WhiteClock "0:01:46"]
[BlackClock "0:01:13"]
[Board "100"]

1. e4 c5 2. Nc3 e6 3. g3 Nc6 4. d3 d5 5. Bg2 dxe4 6. Nxe4 Nf6 7. Be3 Nd5 8. Bd2 Be7 9. Ne2 O-O 10. O-O Qc7 11. N2c3 1/2-1/2


[Site "https://www.chess.com"]

[Event "Titled Tuesday Blitz June 27 Early 2023"]
[White "Herzog2012"]
[Black "Spata, German"]
[BlackFideId "113026"]
[WhiteElo "2470"]
[BlackElo "2597"]
[Result "1/2-1/2"]
[Round "7"]
[TimeControl "180+2"]
[Date "2023.06.27"]
[WhiteClock "0:01:14"]
[BlackClock "0:02:29"]
[Board "101"]

1. e4 e5 2. Nc3 Nf6 3. g3 Nc6 4. Bg2 Bc5 5. Nge2 d6 6. O-O O-O 7. Na4 Bb6 8. Nxb6 axb6 9. d4 exd4 10. Nxd4 Bd7 11. b3 Nxd4 12. Qxd4 Bc6 13. Bb2 Re8 14. Rfe1 Qe7 15. a4 Qe5 1/2-1/2


[Site "https://www.chess.com"]

[Event "Titled Tuesday Blitz June 27 Early 2023"]
[White "Tokman, Ariel"]
[Black "Niekras, Dawid"]
[WhiteFideId "117420"]
[BlackFideId "1160451"]
[WhiteElo "2467"]
[BlackElo "2597"]
[Result "1/2-1/2"]
[Round "7"]
[TimeControl "180+2"]
[Date "2023.06.27"]
[WhiteClock "0:00:51"]
[BlackClock "0:02:07"]
[Board "102"]

1. e4 c5 2. Nf3 d6 3. c3 Nf6 4. Bd3 Nc6 5. O-O g6 6. h3 Bg7 7. Re1 O-O 8. Bf1 e5 9. a4 Re8 10. Na3 d5 1/2-1/2


[Site "https://www.chess.com"]

[Event "Titled Tuesday Blitz June 27 Early 2023"]
[White "gueraumasague"]
[Black "robertoalejandro10"]
[WhiteElo "2466"]
[BlackElo "2596"]
[Result "1/2-1/2"]
[Round "7"]
[TimeControl "180+2"]
[Date "2023.06.27"]
[WhiteClock "0:01:03"]
[BlackClock "0:02:05"]
[Board "103"]

1. e4 c5 2. Nc3 g6 3. Bc4 Bg7 4. d3 Nc6 5. a3 e6 6. Ba2 Nge7 7. h4 h5 8. Nh3 d6 9. Ng5 Nd4 10. Ne2 d5 11. f3 Qa5+ 1/2-1/2


[Site "https://www.chess.com"]

[Event "Titled Tuesday Blitz June 27 Early 2023"]
[White "Lopez Gracia, Fernando"]
[Black "Komov, Roman"]
[WhiteFideId "2207184"]
[BlackFideId "24175714"]
[WhiteElo "2463"]
[BlackElo "2595"]
[Result "1/2-1/2"]
[Round "7"]
[TimeControl "180+2"]
[Date "2023.06.27"]
[WhiteClock "0:02:16"]
[BlackClock "0:01:01"]
[Board "104"]

1. c4 e5 2. Nc3 Bb4 3. Nd5 Be7 4. d4 exd4 5. Qxd4 Nf6 6. Nxe7 Qxe7 7. Nf3 Nc6 8. Qd3 d6 9. Bd2 Bg4 10. e3 O-O 11. Be2 Rfe8 12. O-O Rad8 13. Bc3 Ne4 14. h3 1/2-1/2


[Site "https://www.chess.com"]

[Event "Titled Tuesday Blitz June 27 Early 2023"]
[White "LangesNasenhaar"]
[Black "Ovchinnikov, Vsevolod"]
[BlackFideId "24176842"]
[WhiteElo "2460"]
[BlackElo "2594"]
[Result "1-0"]
[Round "7"]
[TimeControl "180+2"]
[Date "2023.06.27"]
[WhiteClock "0:01:58"]
[BlackClock "0:00:00"]
[Board "105"]

1. d4 Nf6 2. Nc3 g6 3. e4 d6 4. Bg5 Bg7 5. e5 Nfd7 6. f4 f6 7. exf6 exf6 8. Bh4 O-O 9. Bc4+ Kh8 10. Qf3 Re8+ 11. Nge2 1-0


[Site "https://www.chess.com"]

[Event "Titled Tuesday Blitz June 27 Early 2023"]
[White "Ibadov, Dashgyn"]
[Black "Titichoca Daza, Daniel"]
[WhiteFideId "24107514"]
[BlackFideId "3309550"]
[WhiteElo "2593"]
[BlackElo "2449"]
[Result "1/2-1/2"]
[Round "7"]
[TimeControl "180+2"]
[Date "2023.06.27"]
[WhiteClock "0:02:12"]
[BlackClock "0:01:17"]
[Board "106"]

1. e4 e5 2. Nf3 Nc6 3. d4 exd4 4. Nxd4 Nf6 5. Nxc6 bxc6 6. e5 Qe7 7. Qe2 Nd5 8. c4 Ba6 9. b3 f6 10. exf6 Nxf6 11. Bb2 Qxe2+ 12. Bxe2 Bb4+ 13. Bc3 Bxc3+ 14. Nxc3 1/2-1/2


[Site "https://www.chess.com"]

[Event "Titled Tuesday Blitz June 27 Early 2023"]
[White "Pandey Srishti"]
[Black "Yurovskykh, Oleksandr"]
[WhiteFideId "35093290"]
[BlackFideId "14134020"]
[WhiteElo "2447"]
[BlackElo "2591"]
[Result "1/2-1/2"]
[Round "7"]
[TimeControl "180+2"]
[Date "2023.06.27"]
[WhiteClock "0:02:24"]
[BlackClock "0:00:52"]
[Board "107"]

1. e4 d5 2. exd5 Qxd5 3. Nc3 Qd8 4. d4 Nf6 5. Nf3 Bg4 6. Bc4 e6 7. h3 Bxf3 8. Qxf3 c6 9. Ne2 Nbd7 10. Bf4 Be7 11. O-O O-O 12. Rfe1 Nd5 13. Bh2 g6 14. Bb3 1/2-1/2


[Site "https://www.chess.com"]

[Event "Titled Tuesday Blitz June 27 Early 2023"]
[White "Itkis, Boris"]
[Black "Zavgorodniy, Sergiy"]
[WhiteFideId "1209167"]
[BlackFideId "14110148"]
[WhiteElo "2441"]
[BlackElo "2586"]
[Result "0-1"]
[Round "7"]
[TimeControl "180+2"]
[Date "2023.06.27"]
[WhiteClock "0:00:00"]
[BlackClock "0:02:19"]
[Board "108"]

1. c4 c5 2. Nf3 Nc6 3. Nc3 g6 4. e3 Nf6 5. d4 cxd4 6. exd4 d5 7. cxd5 Nxd5 8. Qb3 Nxc3 9. Bc4 e6 10. bxc3 Bd7 11. Be2 Qc7 12. O-O Bg7 13. Ba3 Bf8 14. Bc1 Bg7 15. Ba3 a6 16. d5 exd5 0-1


[Site "https://www.chess.com"]

[Event "Titled Tuesday Blitz June 27 Early 2023"]
[White "Luukkonen, Tommi"]
[Black "WindWhistler11"]
[WhiteFideId "501808"]
[WhiteElo "2440"]
[BlackElo "2573"]
[Result "1-0"]
[Round "7"]
[TimeControl "180+2"]
[Date "2023.06.27"]
[WhiteClock "0:02:36"]
[BlackClock "0:00:00"]
[Board "109"]

1. e4 e6 2. d4 d5 3. Nc3 Nc6 4. Nf3 Nf6 5. e5 Nd7 6. Be2 f6 7. exf6 Qxf6 8. Nb5 Bd6 9. Nxd6+ cxd6 10. O-O O-O 11. c4 dxc4 12. Bxc4 Nb6 13. Bb3 1-0


[Site "https://www.chess.com"]

[Event "Titled Tuesday Blitz June 27 Early 2023"]
[White "Domingo Nunez, Ruben"]
[Black "Ai, Evan"]
[WhiteFideId "22245570"]
[BlackFideId "2094770"]
[WhiteElo "2572"]
[BlackElo "2424"]
[Result "1/2-1/2"]
[Round "7"]
[TimeControl "180+2"]
[Date "2023.06.27"]
[WhiteClock "0:01:38"]
[BlackClock "0:01:41"]
[Board "110"]

1. Nf3 Nf6 2. b3 e6 3. Bb2 b6 4. g3 Bb7 5. Bg2 d5 6. O-O Nbd7 7. d3 c5 8. Nbd2 Bd6 9. e4 dxe4 10. Ng5 Qc7 11. Nc4 Be7 12. Nxe4 O-O 1/2-1/2


[Site "https://www.chess.com"]

[Event "Titled Tuesday Blitz June 27 Early 2023"]
[White "Skliarov, Viktor"]
[Black "Mrudul Dehankar"]
[WhiteFideId "14106736"]
[BlackFideId "25096990"]
[WhiteElo "2570"]
[BlackElo "2422"]
[Result "0-1"]
[Round "7"]
[TimeControl "180+2"]
[Date "2023.06.27"]
[WhiteClock "0:00:00"]
[BlackClock "0:01:37"]
[Board "111"]

1. e4 c6 2. d4 d5 3. e5 Bf5 4. Nf3 e6 5. Be2 Nd7 6. O-O Ne7 7. a4 h5 8. a5 Bg6 9. b4 Nf5 10. c3 h4 11. h3 f6 12. Bf4 Be7 13. Re1 Kf7 0-1


[Site "https://www.chess.com"]

[Event "Titled Tuesday Blitz June 27 Early 2023"]
[White "Gontcharov, Vladislav"]
[Black "Melikhov, Evgeny V."]
[WhiteFideId "4123492"]
[BlackFideId "4122046"]
[WhiteElo "2565"]
[BlackElo "2374"]
[Result "1/2-1/2"]
[Round "7"]
[TimeControl "180+2"]
[Date "2023.06.27"]
[WhiteClock "0:01:45"]
[BlackClock "0:01:15"]
[Board "114"]

1. d4 Nf6 2. c4 e6 3. Nc3 Bb4 4. e3 O-O 5. Bd3 d5 6. Ne2 dxc4 7. Bxc4 Nc6 8. a3 Bd6 9. b4 e5 10. d5 Ne7 11. e4 a6 12. O-O 1/2-1/2


[Site "https://www.chess.com"]

[Event "Titled Tuesday Blitz June 27 Early 2023"]
[White "arenal72"]
[Black "Degenbaev, Aziz"]
[BlackFideId "13802640"]
[WhiteElo "2371"]
[BlackElo "2560"]
[Result "1/2-1/2"]
[Round "7"]
[TimeControl "180+2"]
[Date "2023.06.27"]
[WhiteClock "0:00:36"]
[BlackClock "0:02:34"]
[Board "115"]

1. e4 c5 2. Nf3 Nc6 3. d4 cxd4 4. Nxd4 Nf6 5. Nc3 e5 6. Ndb5 d6 7. Bg5 a6 8. Na3 b5 9. Nd5 Be7 10. Bxf6 Bxf6 11. c3 Bg5 12. Nc2 Rb8 1/2-1/2


[Site "https://www.chess.com"]